 Dungeon Crawl Stone Soup version 0.30-b1-2-g02819fbbbe (webtiles) character file.

Game seed: 3685028424199915736

126003 ventricule the Unseen (level 16, -1/145 HPs)
             Began as an Armataur Enchanter on May 5, 2023.
             Was an Initiate of Gozag.
             Slain by a quicksilver ooze (5 damage)
             ... in an ice cave on May 6, 2023.
             The game lasted 02:18:52 (36215 turns).

ventricule the Unseen (Armataur Enchanter)         Turns: 36215, Time: 02:18:53

Health: -1/145     AC: 21    Str: 16    XL:     16   Next: 13%
Magic:  0/23       EV: 11    Int: 22    God:    Gozag
Gold:   2988       SH:  5    Dex: 13    Spells: 3/24 levels left

rFire   + . .        b - +3 quick blade (elec)
rCold   + . .        O - orb {mayhem}
rNeg    . . .        M - +3 leather armour of Roukh {Dex+3}
rPois   +            r - +1 hat
rElec   +            S - scarf {rC+ rF+}
rCorr   .            j - +2 pair of gloves
SInv    .            f - +6 lightning scales {swift, rElec}
Will    +....        Q - amulet of reflection
Stlth   +++++++      F - +4 ring of slaying
HPRegen 0.44/turn    q - ring of poison resistance
MPRegen 0.18/turn

%: mayhem, reflection, roll
@: about to teleport, studying Hexes, quick
A: large, rugged brown scales 3, deformed body, armoured tail, roll, long
tongue, awkward tongue
}: 1/15 runes: decaying
a: Renounce Religion, Potion Petition, Call Merchant, Bribe Branch


You were in an ice cave.
You worshipped Gozag.
Gozag was most pleased with you.
You visited 6 branches of the dungeon, and saw 28 of its levels.
You visited the Abyss 1 time.
You also visited: Ossuary, Bailey and Ice Cave.

You collected 8497 gold pieces.
You spent 1382 gold pieces at shops.
You paid 4127 gold pieces to Gozag.

Inventory:

Hand Weapons
 a - the +5 dagger of Epicreg {venom, rElec rC+}
   (You found it on level 1 of the Swamp)

   rC:        It protects you from cold.
   rElec:     It insulates you from electricity.
 b - a +3 quick blade of electrocution (weapon)
Missiles
 D - 3 throwing nets (quivered)
Armour
 f - the +6 lightning scales (worn) {swift, rElec}
   (You bought it in a shop on level 2 of the Orcish Mines)

   Swift:     It allows the wearer to cover ground more swiftly.
   rElec:     It insulates you from electricity.
 j - a +2 pair of gloves (worn)
 p - the +2 robe of the Kraken {rCorr}
   (You took it off a goblin on level 4 of the Dungeon)

   rCorr:     It protects you from acid and corrosion.
 r - a +1 hat (worn)
 B - a +2 buckler
 M - the +3 leather armour of Roukh (worn) {Dex+3}
   (You found it on level 7 of the Dungeon)

   Dex:       It affects your dexterity (+3).
 O - an orb of mayhem (worn)
 S - a scarf of resistance (worn)
Jewellery
 d - a +4 ring of protection
 i - an amulet of regeneration
 q - a ring of poison resistance (right hand)
 s - an amulet of magic regeneration
 t - a ring of flight
 w - a ring of resist corrosion
 x - a ring of magical power
 F - a +4 ring of slaying (left hand)
 N - a ring of willpower
 Q - an amulet of reflection (around neck)
 R - a ring of see invisible
 Z - a +6 ring of dexterity
Wands
 e - a wand of roots (2)
 G - a wand of polymorph (17)
 J - a wand of quicksilver (13)
 P - a wand of mindburst (21)
 T - a wand of paralysis (14)
Scrolls
 g - 3 scrolls of poison
 u - 6 scrolls of identify
 y - 5 scrolls of fear
 A - 2 scrolls of enchant armour
 E - 3 scrolls of fog
 H - 7 scrolls of enchant weapon
 K - 3 scrolls of teleportation
 L - 3 scrolls of vulnerability
 W - 2 scrolls of magic mapping
 X - 2 scrolls of brand weapon
Potions
 c - 3 potions of invisibility
 h - 3 potions of brilliance
 k - 7 potions of attraction
 l - 5 potions of curing
 m - 3 potions of berserk rage
 n - 8 potions of lignification
 v - 2 potions of cancellation
 z - 2 potions of haste
 C - 2 potions of mutation
 I - 2 potions of might
 U - 3 potions of magic
 V - 2 potions of resistance
 Y - a potion of flight


   Skills:
 + Level 10.7 Fighting
 + Level 12.6 Short Blades
 + Level 9.5 Dodging
 + Level 19.6 Stealth
 - Level 4.0 Shields
 + Level 4.9 Spellcasting
 - Level 2.4 Conjurations
 - Level 9.2 Hexes
 + Level 5.6 Necromancy
 + Level 1.4 Translocations


You had 3 spell levels left.
You knew the following spells:

 Your Spells              Type           Power      Damage    Failure   Level
a - Ensorcelled Hibernat  Hex/Ice        50%        N/A       2%          2
b - Tukima's Dance        Hex            46%        N/A       1%          3
c - Confusing Touch       Hex            46%        N/A       1%          3
d - Dazzling Flash        Conj/Hex       62%        N/A       3%          3
e - Anguish               Hex/Necr       19%        N/A       6%          4
f - Agony                 Necr           30%        N/A       32%         5
g - Apportation           Tloc           22%        N/A       7%          1

Your spell library contained the following spells:

 Spells                   Type           Power      Damage    Failure   Level
 Necrotise                Necr           100%       1d9       1%          1
 Portal Projectile        Hex/Tloc       56%        N/A       4%          3
 Cigotuvi's Dreadful Rot  Necr/Pois/Air  26%        N/A       9%          2
 Sandblast                Erth           10%        2d5       13%         1
 Summon Small Mammal      Summ           20%        N/A       13%         1
 Passwall                 Tmut/Erth      4%         N/A       19%         2
 Stone Arrow              Conj/Erth      20%        3d8       22%         3
 Volatile Blastmotes      Fire/Tloc      16%        2d11      28%         3
 Call Canine Familiar     Summ           5%         N/A       36%         3
 Ignite Poison            Fire/Tmut/Pois 5%         N/A       36%         3
 Spider Form              Tmut/Pois      5%         N/A       36%         3
 Fulminant Prism          Conj/Hex       15%        3d10      11%         4
 Leda's Liquefaction      Hex/Erth       12%        N/A       19%         4
 Silence                  Hex/Air        12%        N/A       45%         5
 Iskenderun's Mystic Bla  Conj/Tloc      13%        2d5       50%         4
 Animate Armour           Summ/Erth      10%        N/A       77%         4
 Freezing Cloud           Conj/Ice/Air   4%         6-21      94%         5
 Lee's Rapid Deconstruct  Erth           2%         3d5*      98%         5
 Statue Form              Tmut/Erth      3%         N/A       100%        6
 Lehudib's Crystal Spear  Conj/Erth      5%         10d3      100%        8


Dungeon Overview and Level Annotations

Branches:
Dungeon (15/15)            Temple (1/1) D:4            Lair (5/5) D:11
  Swamp (4/4) Lair:2       Spider (1/4) Lair:2        Slime (0/5) Lair:4
    Orc (2/2) D:11            Elf (0/3) Orc:2        Vaults (0/5) D:14
 Depths (0/4) D:15        Ossuary (visited)          Bailey (visited)
  IceCv (1/1)

Altars:
Cheibriados
Dithmenos
Elyvilon
Gozag
Hepliaklqana
Kikubaaqudgha
Makhleb
Nemelex Xobeh
Okawaru
Qazlal
Sif Muna
Trog
Uskayaw
Yredelemnul
Zin
The Shining One

Shops:
D:6 *([   D:7 *   D:10 (   Orc:2 :[([[(   Lair:2 :

Annotations:
D:1 2 transporters
D:6 Dowan, Duvessa
Lair:5 exclusion: 3 oklob plants


Innate Abilities, Weirdness & Mutations

You are completely covered in rugged brown scales. (AC +3, +7% HP)
Armour fits poorly on your strangely shaped body.
You have a long armoured tail.
You roll when moving toward enemies. (Rampage)
Your long tongue fully drains potion bottles. (2x potion effects)
Your tongue gives you trouble enunciating. (1.5x scroll delay)


Message History

Okay, then.
Unknown command.
Your magical effects are unravelling.
You feel magically purged.
You slurp down every last drop of the potion of cancellation!
Your lungs strain for air!
You feel a little less clever now. The quicksilver ooze hits you.
The quicksilver ooze hits you!
You feel your power leaking away. The quicksilver ooze hits you!
* * * LOW HITPOINT WARNING * * *
You block the quicksilver ooze's attack.
The quicksilver ooze attacks as you move away!
The quicksilver ooze hits you.
* * * LOW HITPOINT WARNING * * *
The quicksilver ooze completely misses you.
You slip free of the ooze engulfing you.
You gasp with relief as air once again reaches your lungs.
The quicksilver ooze hits you!!
* * * LOW HITPOINT WARNING * * *
The quicksilver ooze closely misses you.
You see here a +0 kite shield of cold resistance.
You feel much better.
You slurp down every last drop of the potion of heal wounds!
The quicksilver ooze closely misses you.
The quicksilver ooze hits you but does no damage.
The quicksilver ooze hits you!!
* * * LOW HITPOINT WARNING * * *
The quicksilver ooze misses you.
Okay, then.
Okay, then.
As you slowly read the scroll of teleportation, it crumbles to dust.
You feel strangely unstable. The quicksilver ooze hits you!
* * * LOW HITPOINT WARNING * * *
The quicksilver ooze hits you but does no damage.
The quicksilver ooze hits you!
* * * LOW HITPOINT WARNING * * *
The quicksilver ooze hits you.
You die...
Your body crumbles into a pile of gold.

########.
###........
##.........
#......#
#.....######
#........@J###
##.....##[)..###
##.....##.$...#
####...####......
##
##....####...###...
###.....#####....
####.........#
####...#### ##.##


You could see a neutral quicksilver ooze (fast, strong, insane).

Vanquished Creatures
  Kirke (Swamp:2)
  2 quicksilver oozes (IceCv)
  A very ugly thing (Abyss:2)
  A dire elephant (Lair:5)
  3 eleionomae (Swamp:1)
  2 bunyips
  Snorg (Lair:3)
  Josephine (D:11)
  An ettin (Orc:2)
  A shambling mangrove (Swamp:2)
  Fannar (Orc:1)
  A hydra (shapeshifter) (D:14)
  12 hydras
  8 alligators
  2 centaur warriors
  A catoblepas (Lair:5)
  3 boulder beetles
  3 two-headed ogres
  A spriggan skeleton (D:15)
  4 death yaks (Lair:5)
  A tengu warrior (D:12)
  A thrashing horror (Abyss:2)
  A storm dragon zombie (D:15)
  A sun moth (Lair:2)
  9 skeletal warriors
  6 goliath frogs
  A skyshark (Lair:4)
  A spriggan druid (Swamp:2)
  An orb spider (Spider:1)
  A swamp dragon (Swamp:3)
  A lindwurm (Lair:5)
  A flayed ghost (D:15)
  4 bog bodies
  A wizard (D:15)
  A necromancer (D:15)
  A shadow dragon zombie (D:15)
  A steelbarb worm (Spider:1)
  2 deep elf pyromancers
  7 orc knights
  2 orc sorcerers
  2 wolf spiders
  12 ugly things
  2 manticores
  5 cyclopes
  A fire giant skeleton (D:15)
  2 will-o-the-wisps
  3 black mambas
  6 elephants (Lair:5)
  A black mamba (shapeshifter) (D:14)
  5 komodo dragons
  6 rime drakes
  5 cane toads
  A torpor snail (Lair:1)
  A kobold demonologist (Bailey)
  2 unseen horrors
  A swamp worm zombie (Swamp:4)
  2 tengu conjurers
  3 freezing wraiths
  7 trolls
  2 polar bears
  2 tyrant leeches (Swamp:2)
  6 hornets
  A tarantella (shapeshifter) (D:13)
  9 blink frogs
  Sigmund (D:2)
  A flying skull (Abyss:2)
  15 slime creatures
  A shadow (D:11)
  5 jumping spiders
  4 spriggans
  6 wyverns
  A human (shapeshifter) (D:14)
  4 culicivoras
  5 wraiths
  2 hogs (Swamp:2)
  27 yaks
  4 basilisks
  A steam dragon (D:8)
  5 vampire mosquitoes
  A chaos spawn (Abyss:2)
  4 wargs
  9 swamp worms
  2 acid dragons (D:11)
  13 water moccasins
  A floating eye (Lair:5)
  An ice beast (D:6)
  A swamp drake (Swamp:1)
  34 orc warriors
  3 sky beasts (D:6)
  2 great orb of eyes simulacra (IceCv)
  4 black bears
  8 ogres
  8 wolves
  29 centaurs
  3 phantoms
  2 slime creature simulacra (IceCv)
  3 kobold brigands
  An elf zombie (D:7)
  An elf skeleton (D:7)
  21 bullfrogs
  3 gnoll sergeants
  11 scorpions
  5 water moccasin zombies (Ossuary)
  3 wights (D:9)
  11 killer bees
  A howler monkey (D:10)
  12 electric eels
  3 human zombies (D:7)
  6 jellies
  11 orc priests
  7 hounds
  2 gnoll boudas
  4 iguanas
  A human skeleton (D:7)
  15 orc wizards
  2 mummies (Ossuary)
  7 adders
  21 gnolls
  2 white imps
  An ufetubus (D:4)
  5 worms
  9 dart slugs
  66 orcs
  9 endoplasms
  7 giant cockroaches
  3 gnoll zombies (Ossuary)
  23 goblins
  5 hobgoblins
  17 kobolds
  2 quokkas
  3 ball pythons
  4 bats
  6 frilled lizards
  4 hobgoblin zombies (Ossuary)
  6 kobold zombies (Ossuary)
  5 orc zombies (Ossuary)
  6 rats
722 creatures vanquished.

Vanquished Creatures (collateral kills)
  A skeletal warrior (D:15)
  4 elephants (Lair:5)
  2 blink frogs
  3 slime creatures (D:14)
  11 yaks
  3 orc warriors
  A black bear (Lair:1)
  2 wolves
  4 centaurs
  2 bullfrogs (Lair:1)
  2 electric eels (D:10)
  An orc priest (Orc:2)
  Terence (D:2)
  2 gnolls (D:9)
  3 orcs
  2 kobolds
44 creatures vanquished.

Vanquished Creatures (others)
  A deep troll shaman (Lair:5)
  An orb spider (Spider:1)
  A wolf spider (Lair:4)
  2 bloated husks
  3 yaks
  A dancing weapon (Orc:1)
  A redback (Spider:1)
  An orc warrior (Orc:2)
  An ogre (Orc:2)
  A wolf (Lair:4)
  A centaur (D:15)
  4 phantoms (Swamp:4)
  A bullfrog (D:6)
  A necrophage (Swamp:4)
  A wight (D:9)
  2 jellies (Lair:4)
  An orc priest (Orc:2)
  An orc wizard (Orc:2)
  6 orcs
  2 foxfires (Swamp:3)
  24 fungi
  58 plants
  10 withered plants (D:15)
125 creatures vanquished.

Grand Total: 891 creatures vanquished

Notes
Turn   | Place    | Note
-------+----------+-------------------------------------------
     0 | D:1      | ventricule the Armataur Enchanter began the quest for the
                  | Orb.
     0 | D:1      | Reached XP level 1. HP: 14/14 MP: 3/3
    66 | D:1      | Reached skill level 1 in Short Blades
   111 | D:1      | Reached XP level 2. HP: 21/21 MP: 4/4
   274 | D:1      | Learned a level 2 spell: Ensorcelled Hibernation
   424 | D:1      | Reached XP level 3. HP: 27/27 MP: 6/6
   871 | D:2      | Noticed Sigmund
  1165 | D:2      | Reached XP level 4. HP: 35/35 MP: 7/7
  1174 | D:2      | Learned a level 3 spell: Tukima's Dance
  1343 | D:2      | Killed Sigmund
  1344 | D:2      | Reached XP level 5. HP: 40/40 MP: 1/9
  1471 | D:2      | Noticed Terence
  1485 | D:2      | Killed Terence
  1486 | D:2      | Reached XP level 6. HP: 48/48 MP: 7/10
  1829 | D:3      | Learned a level 3 spell: Confusing Touch
  1833 | D:3      | Learned a level 3 spell: Dazzling Flash
  2946 | D:4      | Found a hide-covered altar of Uskayaw.
  2947 | D:4      | Noticed a +0 dagger
  2948 | D:4      | Noticed a +0 hand axe
  3155 | D:4      | Reached skill level 1 in Fighting
  3225 | D:4      | Reached skill level 1 in Conjurations
  3227 | D:4      | Noticed a water moccasin
  3237 | D:4      | Killed a water moccasin
  3238 | D:4      | Reached skill level 4 in Stealth
  3238 | D:4      | Reached XP level 7. HP: 55/55 MP: 11/11
  3306 | D:4      | Identified the +2 robe of the Kraken {rCorr}
  3342 | D:4      | Found a staircase to the Ecumenical Temple.
  3368 | Temple   | Entered the Ecumenical Temple
  3548 | Temple   | Became a worshipper of Gozag Ym Sagoz the Greedy
  3903 | D:5      | Entered Level 5 of the Dungeon
  4154 | D:5      | Reached XP level 8. HP: 66/66 MP: 12/12
  4291 | D:5      | Reached skill level 5 in Stealth
  4643 | D:5      | Reached skill level 6 in Stealth
  5110 | D:5      | Reached skill level 5 in Short Blades
  5223 | D:6      | Found Agou's Weapon Emporium.
  5273 | D:6      | Found Vom Yquagi's Armour Boutique.
  5480 | D:6      | Found a white marble altar of Elyvilon.
  5510 | D:6      | Reached skill level 7 in Stealth
  5570 | D:6      | Found Oqano's Assorted Antiques.
  5732 | D:6      | Noticed Duvessa
  5853 | D:6      | Reached XP level 9. HP: 65/72 MP: 13/13
  5866 | D:6      | Reached skill level 8 in Stealth
  5991 | D:6      | Reached skill level 9 in Stealth
  6056 | D:6      | Noticed Dowan
  6143 | D:7      | Found a sand-covered staircase.
  6167 | Ossuary  | Entered an ossuary
  6486 | D:7      | Reached skill level 10 in Stealth
  6487 | D:7      | Found a sparkling altar of Nemelex Xobeh.
  6487 | D:7      | Found a shadowy altar of Dithmenos.
  6651 | D:7      | Found Laocuax's General Store.
  6668 | D:7      | Bought a scroll of teleportation for 39 gold pieces
  6751 | D:7      | Identified the +3 leather armour of Roukh {Dex+3}
  6785 | D:7      | Found a flagged portal.
  6801 | Bailey   | Entered a bailey
  6895 | Bailey   | Reached XP level 10. HP: 77/79 MP: 14/14
  7064 | Bailey   | Noticed an orc knight
  7157 | Bailey   | Reached skill level 11 in Stealth
  7352 | Bailey   | Killed an orc knight
  7562 | Bailey   | Found an iron altar of Okawaru.
  7614 | Bailey   | Identified the +0 ring mail "Agod" {Rampage Will+}
  7678 | Bailey   | Identified the +0 battleaxe of Conservatism {heavy, Int+3
                  | Stlth+}
  7922 | D:7      | Reached skill level 12 in Stealth
  7926 | D:7      | Acquired a +3 quick blade of electrocution
  8135 | D:8      | Noticed a cyan ugly thing
  8142 | D:8      | Killed a cyan ugly thing
  8890 | D:8      | Reached skill level 10 in Short Blades
  9446 | D:9      | Reached XP level 11. HP: 85/85 MP: 15/15
  9462 | D:9      | Reached skill level 13 in Stealth
  9952 | D:10     | Entered Level 10 of the Dungeon
  9964 | D:10     | Noticed a skeletal warrior
 10593 | D:10     | Found Vodduan's Weapon Shop.
 10969 | D:10     | Reached skill level 14 in Stealth
 11033 | D:10     | HP: 1/85 [skeletal warrior/+0 glaive (20)]
 11455 | D:11     | Found a staircase to the Orcish Mines.
 12011 | D:11     | Noticed a two-headed ogre
 12038 | D:11     | Killed a two-headed ogre
 12421 | D:11     | Noticed a boulder beetle
 13090 | D:11     | Killed a boulder beetle
 13091 | D:11     | Reached skill level 15 in Stealth
 13254 | D:11     | Found a staircase to the Lair.
 13288 | D:11     | Learned a level 4 spell: Anguish
 13314 | D:11     | Reached XP level 12. HP: 79/94 MP: 13/16
 13426 | D:11     | Noticed a centaur warrior
 13631 | D:11     | Killed a centaur warrior
 13634 | D:11     | Reached skill level 1 in Necromancy
 13770 | Orc:1    | Entered Level 1 of the Orcish Mines
 13774 | Orc:1    | Noticed Josephine
 13992 | Lair:1   | Entered Level 1 of the Lair of Beasts
 14223 | Lair:1   | Reached skill level 5 in Hexes
 16391 | Lair:2   | Found a hole to the Spider Nest.
 16820 | Lair:2   | You fall into a shaft and drop 1 floor!
 17366 | Lair:3   | Reached skill level 16 in Stealth
 17370 | Lair:3   | Reached skill level 5 in Dodging
 17683 | Lair:3   | Reached skill level 5 in Fighting
 17735 | Lair:3   | Noticed Snorg
 17742 | Lair:3   | Reached XP level 13. HP: 74/107 MP: 12/17
 17925 | Lair:3   | Killed Snorg
 18868 | Lair:4   | Found a staircase to the Slime Pits.
 19959 | Lair:5   | Entered Level 5 of the Lair of Beasts
 21353 | Lair:5   | Reached skill level 17 in Stealth
 21569 | Lair:5   | Noticed a dire elephant
 21576 | Lair:5   | Killed a dire elephant
 22122 | D:11     | Killed Josephine
 22123 | D:11     | Reached XP level 14. HP: 58/110 MP: 1/18
 22615 | Orc:2    | Entered Level 2 of the Orcish Mines
 23121 | Orc:2    | Found Noegu's Self-Improvement Boutique.
 23124 | Orc:2    | Found a staircase to the Elven Halls.
 23126 | Orc:2    | Found Lesmyro's Antique Weapon Boutique.
 23128 | Orc:2    | Paralysed by an orc sorcerer for 2 turns
 23236 | Orc:1    | Noticed Fannar
 23255 | Orc:1    | Killed Fannar
 25393 | Orc:2    | Found Vanutim's Antique Armour Boutique.
 25393 | Orc:2    | Found Guemm's Weapon Shoppe.
 25395 | Orc:2    | Found Jopei's Armour Emporium.
 25397 | Orc:2    | Found Carchibro's Armour Shop.
 25404 | Orc:2    | Bought the +6 lightning scales {swift, rElec} for 1139 gold
                  | pieces
 25404 | Orc:2    | Found the +6 lightning scales {swift, rElec}
 26720 | D:12     | Reached skill level 18 in Stealth
 26828 | D:12     | Identified the +3 rapier "Ulioben" {flame, rElec rC+}
 27604 | D:13     | Identified the +6 broad axe "Rehy" {pain, rElec rC+ Dex+2
                  | SInv}
 27683 | D:13     | Reached skill level 1 in Shields
 28207 | D:13     | You fall into a shaft and drop 2 floors!
 28207 | D:15     | Entered Level 15 of the Dungeon
 28221 | Abyss:2  | Cast into level 2 of the Abyss (a wizard)
 28223 | Abyss:2  | Found a corrupted altar of Lugonu.
 28240 | Abyss:2  | Found a corrupted altar of Lugonu.
 28344 | Abyss:2  | Noticed a tentacled starspawn
 28360 | Abyss:2  | Found a corrupted altar of Lugonu.
 28441 | Abyss:2  | Noticed a hellephant
 28534 | Abyss:2  | Noticed a purple very ugly thing
 28550 | Abyss:2  | Killed a purple very ugly thing
 28571 | Abyss:2  | Found a shadowy altar of Dithmenos.
 28571 | Abyss:2  | Noticed an ophan
 28595 | D:15     | Escaped the Abyss
 28907 | D:14     | Found a gate to the Vaults.
 30562 | D:15     | Found a staircase to the Depths.
 30803 | D:15     | Reached XP level 15. HP: 128/133 MP: 14/19
 31659 | D:15     | Identified the +4 trident "Kuekhent" {elec, *Slow rPois
                  | rC+}
 31685 | D:15     | Reached skill level 19 in Stealth
 32167 | Lair:2   | Found a staircase to the Swamp.
 32247 | Swamp:1  | Entered Level 1 of the Swamp
 32266 | Swamp:1  | Reached skill level 10 in Fighting
 32320 | Swamp:1  | Identified the +5 dagger of Epicreg {venom, rElec rC+}
 33418 | Swamp:2  | Reached skill level 5 in Necromancy
 33494 | Swamp:2  | Noticed Kirke
 33661 | Swamp:2  | Learned a level 5 spell: Agony
 34788 | Swamp:2  | Killed Kirke
 35039 | Swamp:3  | Noticed a tentacled monstrosity
 35060 | Swamp:4  | Entered Level 4 of the Swamp
 35099 | Swamp:4  | Noticed a bone dragon
 35116 | Swamp:4  | Got a decaying rune of Zot
 35425 | Spider:1 | Entered Level 1 of the Spider Nest
 35696 | Lair:2   | Bought a book of Cantrips for 204 gold pieces
 35698 | Lair:2   | Learned a level 1 spell: Apportation
 35776 | Spider:1 | Reached XP level 16. HP: 119/145 MP: 23/23
 35826 | Spider:1 | Found a frozen archway.
 35875 | Spider:1 | Reached skill level 1 in Translocations
 36069 | IceCv    | Entered an ice cave
 36215 | IceCv    | HP: 4/145 [quicksilver ooze (15)]
 36215 | IceCv    | Slain by a quicksilver ooze

Illustrated notes

Levels and vault maps discovered:
D:1:      spicycebolla_arrival_transporter_tutorial, layout_basic
D:2:      minmay_angry_zag, layout_rooms, minivault_26, uniq_sigmund,
          uniq_terence
D:3:      layout_basic, chequers_serial_rivers_large_b,
          chequers_serial_rivers_micro_d
D:4:      layout_basic, dancing_weapons_uskayaw, minmay_temple_entry_wispy,
          minmay_manual_monstrance
D:5:      layout_rooms, serial_co_window_serial, co_window_paths_b,
          co_window_paths_b, co_window_of_opportunity_a, co_window_paths_b,
          co_window_cross_1, co_window_corner_a, co_window_cross_1,
          co_window_2corner, co_window_corner_cb, co_window_of_opportunity_b,
          co_window_corner_ca, co_window_unsneaky_path_d, co_window_paths_d,
          co_window_sun, glass_columns_b, glass_columns_a, glass_columns_a,
          glass_columns_b
D:6:      minmay_razor_zed, layout_cave_pools, kennysheep_mini,
          elyvilon_altar_5, mainiacjoe_overflow_alcove_3, xom_confusion_cloud,
          serial_shops, shop, kennysheep_little_box, shop,
          nicolae_specific_store, uniq_duvessa
D:7:      layout_basic, grunt_temple_overflow_open, serial_shops, shop,
          nicolae_ossuary_entry_catacombs, enter_bailey_2,
          chequers_serial_rivers_micro_e
D:8:      layout_basic, chequers_serial_rivers_room_a
D:9:      layout_basic
D:10:     layout_basic, serial_shops, nicolae_inconvenience_store, serial_bayou,
          serial_bayou_ford_a, serial_bayou_lagoon_b, serial_bayou_pond_a,
          serial_bayou_pond_b, serial_bayou_lagoon_a, serial_bayou_pond_e,
          palyth_stone_intersect
D:11:     layout_irregular_city, grunt_lair_entry_orc_guard_hut, erik_orc_4
D:12:     layout_stronghold
D:13:     layout_cross, kennysheep_another_room
D:14:     layout_layer_cave, david_vaults_2, chequers_serial_rivers_room_b
D:15:     gammafunk_depths_entry_grave, layout_basic, minmay_misc_feat_enclosed
Temple:   hellmonk_temple_forest_ring
Lair:1:   layout_long_grid, beast_lair_carwin_5, grunt_megastairs_3,
          serial_bayou_shore_a
Lair:2:   layout_hall_layers, palyth_hydra_swamp_entry,
          nicolae_spider_entry_non_spiders, st_stairs_3,
          minmay_stone_trees_small
Lair:3:   layout_cave_pods, lemuel_fruit_tree, uniq_snorg
Lair:4:   layout_big_grid, nicolae_slime_entry_field_trip,
          nicolae_lair_run_with_the_wolves
Lair:5:   grunt_lair_end_beastmaster, layout_hall_layers, disabler_island
Swamp:1:  layout_falls_marsh, hangedman_swamp_ruin_wall, swamp_pool1,
          nicolae_swamp_nymph_family_reunion
Swamp:2:  layout_basic_swamp, evilmike_swamp_ruin_house_4, swamp_pool2,
          uniq_kirke
Swamp:3:  layout_basic_swamp, evilmike_swamp_ruin_house_3, swamp_pool2
Swamp:4:  swamp_pestilence, layout_basic_swamp
Spider:1: nicolae_spider_brood_tunnel, portal_ice_cave_entry_ugly_swarm
Orc:1:    layout_caves, uniq_fannar, uniq_josephine
Orc:2:    st_orc_rangers, layout_diamond_mine, serial_shops, shop,
          nicolae_shop_self_help
IceCv:    ice_cave_hellmonk_azure_passage

Skill      XL: |  1  2  3  4  5  6  7  8  9 10 11 12 13 14 15 16 |
---------------+-------------------------------------------------+-----
Short Blades   | 1 2 3 6 8 10 11 12 | 12.6
Spellcasting   | 2 3 4 |  4.9
Hexes          | 3 4 7 9 |  9.2
Dodging        | 2 3 5 6 8 9 |  9.5
Fighting       | 1 2 5 7 9 10 | 10.7
Conjurations   | 1 2 |  2.4
Stealth        | 4 7 10 12 15 16 17 18 19 | 19.6
Necromancy     | 3 4 5 |  5.6
Shields        | 4 |  4.0
Translocations | 1 |  1.4

Action                     |  1- 3 |  4- 6 |  7- 9 | 10-12 | 13-15 | 16-18 || total
---------------------------+-------+-------+-------+-------+-------+-------++-------
  Melee: Dagger            |   145 |   195 |   433 |   953 |  1088 |    61 ||  2875
         Tailslap          |    17 |    31 |    68 |   176 |   315 |    18 ||   625
         Punch             |     1 |     1 |     4 |     1 |       |       ||     7
         Quick blade       |       |       |       |   160 |   486 |    25 ||   671
   Cast: Ensorcelled Hiber |     2 |     4 |    15 |    37 |   169 |       ||   227
         Tukima's Dance    |       |     4 |     2 |     1 |    15 |       ||    22
         Confusing Touch   |       |       |     1 |     4 |    35 |     3 ||    43
         Dazzling Flash    |       |       |       |     2 |     2 |       ||     4
         Anguish           |       |       |       |     1 |    23 |     2 ||    26
 Invoke: Potion Petition   |       |       |       |     2 |     6 |     1 ||     9
         Call Merchant     |       |       |       |       |     1 |       ||     1
  Evoke: Wand              |       |       |       |     3 |     4 |       ||     7
    Use: Scroll            |     1 |     5 |     7 |     8 |    11 |     1 ||    33
         Potion            |       |       |       |     1 |     8 |     3 ||    12
   Stab: Sleeping          |     9 |    11 |    38 |    56 |   107 |     7 ||   228
         Distracted        |       |     1 |     1 |    20 |    19 |     2 ||    43
         Confused          |       |       |       |     3 |    42 |     3 ||    48
         Invisible         |       |       |       |     1 |    11 |       ||    12
 Armour: Robe              |    86 |    99 |   137 |       |       |       ||   322
         Leather armour    |       |       |    22 |   306 |   581 |    25 ||   934
  Dodge: Dodged            |   106 |    70 |   126 |   307 |   463 |    23 ||  1095
  Block: Orb               |       |       |       |   104 |   172 |     9 ||   285
         Reflection        |       |       |       |     8 |    34 |       ||    42
         Buckler           |       |       |       |       |   116 |       ||   116
